 Dungeon Crawl Stone Soup version 0.17.0-57-g0e89251 (webtiles) character file.

2898 dohliylev the Covert (level 9, -7/61 (65) HPs)
             Began as a Vampire Assassin on Dec 7, 2015.
             Was a Follower of Dithmenos.
             Engulfed by a cloud of foul pestilence (11 damage)
             ... on level 8 of the Dungeon on Dec 8, 2015.
             The game lasted 00:52:29 (7507 turns).

dohliylev the Covert (Vampire Assassin)             Turns: 7507, Time: 00:52:30

HP:   -7/61 (65)    AC:  5    Str: 10    XL:     9   Next: 49%
MP:   9/9           EV: 17    Int: 19    God:    Dithmenos [*.....]
Gold: 430           SH:  9    Dex: 18    Spells: 1 memorised, 3 levels left

rFire  + . .     SeeInvis +     a - +2 dagger
rCold  . . .     Clarity  .     E - +1 leather armour of Beogh's Benevolence {rElec rF+ Int+5}
rNeg   + + .     SustAt   .     w - +0 shield
rPois  +         Gourm    .     O - +0 hat
rElec  +         Spirit   .     R - +0 cloak
rCorr  .         Warding  +     (no gloves)
rMut   .         Stasis   .     (no boots)
MR     .....                    y - amulet of warding
Stlth  +++++++...               I - ring of poison resistance
                                h - +3 ring of evasion

@: lethally poisoned (-7 -> -46), non-regenerating, diseased, slowed, wreathed
by umbra, very slow, not resistant to hostile enchantments, extremely stealthy
A: fangs 3, see invisible, unbreathing
a: Bat Form, Renounce Religion


You were on level 8 of the Dungeon.
You worshipped Dithmenos.
Dithmenos was aware of your devotion.
You were not thirsty.

You visited 2 branches of the dungeon, and saw 9 of its levels.

You collected 430 gold pieces.

Inventory:

Hand Weapons
 a - a +2 dagger (weapon)
 b - a +0 blowgun
 n - a +1 dagger of electrocution
Missiles
 e - 3 poisoned needles
 f - a curare-tipped needle
Armour
 w - a +0 shield (worn)
 E - the +1 leather armour of Beogh's Benevolence (worn) {rElec rF+ Int+5}
   (You found it on level 4 of the Dungeon)

   It affects your intelligence (+5).
   It protects you from fire.
   It insulates you from electricity.
 O - a +0 hat (worn)
 R - a +0 cloak (worn)
Jewellery
 h - a +3 ring of evasion (left hand)
 y - an amulet of warding (around neck)
 I - a ring of poison resistance (right hand)
Wands
 d - a wand of random effects (21)
 r - a wand of magic darts (16)
 F - a wand of lightning (7)
 M - a wand of slowing (31)
 Q - a wand of paralysis (13)
Scrolls
 k - 4 scrolls of teleportation
 l - 3 scrolls of magic mapping
 o - 2 scrolls of immolation {unknown}
 p - a scroll of noise
 s - 2 scrolls of blinking
 t - 3 scrolls of enchant weapon
 u - 2 scrolls of fear
 v - 2 scrolls of recharging
 x - 2 scrolls of amnesia
 H - 7 scrolls of remove curse
 N - a scroll of enchant armour {unknown}
Potions
 g - 14 potions of blood
 i - a potion of magic {unknown}
 j - 3 potions of haste {unknown}
 m - 2 potions of beneficial mutation {unknown}
 q - 2 potions of invisibility {unknown}
 z - 4 potions of curing {unknown}
 A - 2 potions of degeneration {unknown}
 B - a potion of cancellation {unknown}
 C - a potion of poison {unknown}
 D - 3 potions of flight {unknown}
 G - a potion of resistance {unknown}
 J - a potion of agility {unknown}
Books
 c - a book of the Sky

   Spells                             Type                      Level
   a - Summon Lightning Spire         Summoning/Air                4
   b - Airstrike                      Air                          4
   c - Silence                        Hexes/Air                    5
   d - Deflect Missiles               Charms/Air                   6
   e - Conjure Ball Lightning         Conjuration/Air              6
   f - Tornado                        Air                          9


   Skills:
 + Level 3.7 Fighting
 + Level 4.1 Short Blades
 + Level 3.9 Throwing
 + Level 2.6 Armour
 + Level 6.6 Dodging
 + Level 12.8 Stealth
 + Level 3.4 Shields
 * Level 3.1 Hexes


You had 3 spell levels left.
You knew the following spells:

 Your Spells              Type           Power        Failure   Level  Hunger
a - Silence               Hex/Air        #.........   100%        5    ######.


Dungeon Overview and Level Annotations

Branches:
Dungeon (8/15)             Temple (1/1) D:5
   Lair: D:8-11

Altars:
Ashenzari
Cheibriados
Dithmenos
Elyvilon
Fedhas
Gozag
Kikubaaqudgha
Makhleb
Nemelex Xobeh
Okawaru
Qazlal
Ru
Sif Muna
Trog
Vehumet
Xom
Yredelemnul
Zin
The Shining One

Shops:
D:4 *(%(!   D:8 }

Annotations:
D:8 emiel's ghost, amateur DsEE


Innate Abilities, Weirdness & Mutations

You have razor-sharp teeth.
You have supernaturally acute eyesight.
You can survive without breathing.


Message History

You feel sick.
Your shield prevents you from hitting the adder skeleton.
You are engulfed in dark miasma.
You feel your flesh rotting away!
You feel ill.
You feel yourself slow down.
* * * LOW HITPOINT WARNING * * *
You feel very sick. The adder skeleton closely misses you.
The adder skeleton bites you but does no damage.
You hit the adder skeleton. You bite the adder skeleton.
You are engulfed in dark miasma.
You feel your flesh rotting away!
* * * LOW HITPOINT WARNING * * *
x2 You feel very sick.
You block the adder skeleton's attack. The adder skeleton closely misses you.
The catoblepas skeleton misses you. The adder skeleton closely misses you.
The hobgoblin skeleton completely misses you.
The adder skeleton misses you.
You hit the adder skeleton.
You are engulfed in dark miasma.
You die...

........### #[#
#.# .#.####.#
#.# #.# .#..> .
#.# #.# .#.####
#.# #.## .#.#
#.#####.## #..#
.. .........#
##.# .#
####.###.#######
## # #§#Z.##.###
#.Z@##....#
#§Z.Z.§...#
##..#.§...#
##.#..§..#
####÷..## ##.##
###


You could see 2 adder skeletons, a catoblepas skeleton and a hobgoblin skeleton.

Vanquished Creatures
  A hippogriff (D:7)
  2 yaks (D:8)
  2 ice beasts
  A sky beast (D:7)
  A black bear (D:5)
  An orc warrior (D:8)
  An ogre (D:8)
  2 phantoms
  3 centaurs
  4 giant frogs
  2 scorpions
  A quasit (D:6)
  4 crimson imps
  2 hounds
  A water moccasin simulacrum (D:8)
  2 centaur zombies
  3 orc priests
  A jelly (D:7)
  2 orc wizards (D:4)
  3 centaur skeletons
  A giant frog skeleton (D:7)
  A gnoll shaman (D:6)
  2 iguanas
  5 worker ants
  A hound skeleton (D:7)
  2 worker ant zombies
  11 gnolls
  10 adders
  A shadow imp (D:6)
  A white imp (D:8)
  3 oozes
  An adder zombie (D:5)
  4 giant geckos
  23 orcs
  2 ball pythons
  4 hobgoblins
  11 jackals
  7 kobolds
  5 quokkas
  10 bats
  7 giant cockroaches
  7 giant newts
  13 goblins
  9 rats
180 creatures vanquished.

Vanquished Creatures (others)
  A jelly (D:5)
  A worker ant (D:5)
2 creatures vanquished.

Grand Total: 182 creatures vanquished

Notes
Turn   | Place    | Note
--------------------------------------------------------------
     0 | D:1      | dohliylev the Vampire Assassin began the quest for the Orb.
     0 | D:1      | Reached XP level 1. HP: 16/16 MP: 1/1
    75 | D:1      | Reached skill level 6 in Stealth
    75 | D:1      | Reached XP level 2. HP: 17/22 MP: 2/2
   476 | D:1      | Reached skill level 7 in Stealth
   607 | D:1      | Reached XP level 3. HP: 23/27 MP: 3/3
  1263 | D:2      | Reached XP level 4. HP: 26/33 MP: 4/4
  1594 | D:3      | Reached skill level 8 in Stealth
  1663 | D:3      | Found a bloodstained altar of Trog.
  1924 | D:3      | Reached XP level 5. HP: 38/38 MP: 5/5
  2314 | D:4      | Got a scorched leather armour
  2325 | D:4      | Identified the cursed +1 leather armour of Beogh's Benevolence {rElec rF+ Int+5} (You found it on level 4 of the Dungeon)
  2374 | D:4      | Found Ynamir's Weapon Emporium.
  2456 | D:4      | Found Neleyhai's Antique Weapon Shop.
  2459 | D:4      | Found Hibb's Food Boutique.
  2461 | D:4      | Found Okkeu's Assorted Antiques.
  2516 | D:4      | Reached XP level 6. HP: 46/46 MP: 6/6
  2537 | D:4      | Found a shattered altar of Ashenzari.
  2585 | D:4      | Reached skill level 9 in Stealth
  2658 | D:4      | Found a white marble altar of Elyvilon.
  2658 | D:4      | Found a shimmering altar of Xom.
  2659 | D:4      | Found a deep blue altar of Sif Muna.
  2702 | D:4      | Found a shadowy altar of Dithmenos.
  3004 | D:4      | Found a snail-covered altar of Cheibriados.
  3150 | D:4      | Found Nuc Zer's Distillery.
  3175 | D:5      | Entered Level 5 of the Dungeon
  3375 | D:5      | Reached skill level 1 in Shields
  3521 | D:5      | Reached XP level 7. HP: 24/51 MP: 7/7
  3601 | D:5      | Reached skill level 1 in Armour
  3699 | D:5      | Reached skill level 10 in Stealth
  3934 | D:5      | Found a staircase to the Ecumenical Temple.
  3945 | Temple   | Entered the Ecumenical Temple
  4024 | Temple   | Became a worshipper of Nemelex Xobeh the Trickster
  4427 | D:4      | Fell from the grace of Nemelex Xobeh
  4427 | D:4      | Became a worshipper of Dithmenos the Shadowed
  4864 | D:6      | Reached XP level 8. HP: 58/58 MP: 8/8
  4926 | D:6      | Reached skill level 5 in Dodging
  5699 | D:6      | Reached * piety under Dithmenos
  5699 | D:6      | Reached skill level 11 in Stealth
  6194 | D:7      | Reached XP level 9. HP: 64/64 MP: 9/9
  6235 | D:7      | Learned a level 5 spell: Silence
  6682 | D:8      | Reached skill level 1 in Hexes
  6689 | D:8      | Reached skill level 12 in Stealth
  6858 | D:8      | Found Rurops's Gadget Shop.
  6927 | D:8      | Noticed emiel's ghost (amateur DsEE)
  7507 | D:8      | Engulfed by a cloud of foul pestilence

Action                   |  1- 3 |  4- 6 |  7- 9 || total
-------------------------+-------+-------+-------++-------
Melee: Dagger            |   130 |   159 |   299 ||   588
 Fire: Blowgun           |     2 |    18 |    47 ||    67
 Abil: End Transformatio |       |       |     3 ||     3
       Bat Form          |       |       |     3 ||     3
  Use: Scroll            |     1 |     4 |     5 ||    10
       Potion            |       |     9 |     9 ||    18
 Stab: Sleeping          |    10 |    16 |    33 ||    59
       Distracted        |       |       |     4 ||     4
  Eat: Corpse            |     6 |       |       ||     6
